 Dungeon Crawl Stone Soup version 0.27-a0-124-g19cb506db8 (webtiles) character file.

Game seed: 9853028333479902598

69 knot the Chopper (level 4, 35/35 HPs)
             Began as a Demonspawn Berserker on Jan 26, 2021.
             Was a Follower of Trog.
             Quit the game on level 2 of the Dungeon.
             The game lasted 00:02:10 (2371 turns).

knot the Chopper (Demonspawn Berserker)             Turns: 2371, Time: 00:02:11

Health: 35/35      AC:  6    Str: 18    XL:     4   Next: 2%
Magic:  4/4        EV: 11    Int:  9    God:    Trog [*.....]
Gold:   135        SH:  0    Dex: 12    Spells: 3/3 levels left

rFire    . . .     SeeInvis .   a - +0 hand axe
rCold    + . .     Faith    .   (no shield)
rNeg     . . .     Spirit   .   i - +0 ring mail
rPois    .         Reflect  .   (no helmet)
rElec    .         Harm     .   (no cloak)
rCorr    .         Rampage  .   j - +0 pair of gloves (curse)
Will     .....                  (no boots)
Stlth    +.........             g - amulet of magic regeneration
HPRegen  1.11/turn              (no ring)
MPRegen  0.34/turn              (no ring)

@: no status effects
A: cold resistance 1, powered by death 1
a: Renounce Religion, Berserk


You were on level 2 of the Dungeon.
You worshipped Trog.
Trog was aware of your devotion.
You visited 1 branch of the dungeon, and saw 2 of its levels.

You collected 135 gold pieces.

Inventory:

Hand Weapons
 a - a +0 hand axe (weapon)
Missiles
 e - 105 stones
 h - 8 poisoned darts (quivered)
Armour
 i - a +0 ring mail (worn)
 j - a cursed +0 pair of gloves (worn)
Jewellery
 g - an amulet of magic regeneration (around neck)
Scrolls
 c - a scroll of blinking {unknown}
 d - a scroll of enchant weapon {unknown}
 f - 8 scrolls of identify {unknown}
 k - a scroll of teleportation {unknown}
 m - a scroll of enchant armour {unknown}
 n - a scroll of remove curse {unknown}
 o - a scroll of amnesia {unknown}
Potions
 b - a potion of lignification {unknown}
 l - 2 potions of brilliance {unknown}


   Skills:
 - Level 3.0 Fighting
 * Level 4.0 Axes
 * Level 1.5 Throwing
 - Level 1.7 Armour
 - Level 1.7 Dodging


You had 3 spell levels left.
You didn't know any spells.
Your spell library was empty.

Dungeon Overview and Level Annotations

Branches:
Dungeon (2/15)

Altars:
Nemelex Xobeh


Innate Abilities, Weirdness & Mutations

Your flesh is cold resistant. (rC+)
You regenerate a little health from kills.


Message History

There is a stone staircase leading up here.
You open the door.
There is an open door here.
You open the door.
There is an open door here.
A dart slug comes into view.
The dart slug launches a dart at you. The slug dart misses you.
A dart slug is nearby!
The dart slug bites you but does no damage.
You slash the dart slug!
The dart slug is severely wounded.
The dart slug barely misses you.
You slash the dart slug!
You kill the dart slug!
Trog accepts your kill.
You have reached level 4!
You feel stronger.
Your demonic ancestry asserts itself...
You feel resistant to cold.
Are you sure you want to abandon this character and quit the game? (Confirm with "yes".)

.......####### #.##..........
.......##...# #.##..........
........#...#
#.####'###########
......#.#...#
#.#....#..........
......#.+...#
#.#....#..........
......##+...#
#.#....#..........
............#
#.#....'..........
............#
#†#....#..........
####........#
#@#....#..........
######..#####.#....#####......
###............#....#
#.'.†....
#..)...#..####.######
#.#...... #......'.....#.#
#.#...... #......##.##.#.#
#.####### #......##.##.#.#
#####.####### #......##.##.#.#
#.....#...... ###+#'###.##.#.#
#.....'...)..


There were no monsters in sight!

Vanquished Creatures
  3 adders (D:2)
  A worm (D:2)
  3 dart slugs
  A leopard gecko (D:2)
  6 goblins
  3 hobgoblins (D:2)
  4 bats (D:1)
  5 frilled lizards
  4 kobolds
  4 rats
34 creatures vanquished.

Notes
Turn   | Place    | Note
-------+----------+-------------------------------------------
     0 | D:1      | knot the Demonspawn Berserker began the quest for the Orb.
     0 | D:1      | Reached XP level 1. HP: 18/18 MP: 1/1
   382 | D:1      | Reached skill level 3 in Axes
   681 | D:1      | Found a sparkling altar of Nemelex Xobeh.
   738 | D:1      | Gained mutation: You regenerate a little health from kills.
                  | [demonic ancestry]
   738 | D:1      | Reached XP level 2. HP: 16/24 MP: 2/2
  1326 | D:2      | Reached XP level 3. HP: 17/29 MP: 3/3
  1884 | D:2      | Reached skill level 1 in Throwing
  2179 | D:2      | Reached skill level 4 in Axes
  2371 | D:2      | Gained mutation: Your flesh is cold resistant. (rC+)
                  | [demonic ancestry]
  2371 | D:2      | Reached XP level 4. HP: 35/35 MP: 4/4
  2371 | D:2      | Quit the game

Illustrated notes

Levels and vault maps discovered:
D:1:      dpeg_arrival_three_same_balls, layout_basic,
          nemelex_diamond_rough_becter
D:2:      layout_basic, minmay_unequal

Skill      XL: |  1  2  3 |
---------------+----------+-----
Axes           | 3 4 |  4.0
Throwing       | 1 |  1.5
Fighting       | |  3.0
Armour         | |  1.7
Dodging        | |  1.7

Action                   |  1- 3 |  4- 6 || total
-------------------------+-------+-------++-------
Melee: Hand axe          |    86 |       ||    86
Throw: Dart              |    22 |       ||    22
       Stone             |     1 |       ||     1
Invok: Berserk           |     1 |       ||     1
Armor: Animal skin       |    13 |       ||    13
       Ring mail         |    16 |       ||    16
Dodge: Dodged            |    49 |       ||    49

Table legend: (Time is in decaauts)
 A = Elapsed time spent in this place.
 B = Non-inter-level travel time spent in this place.
 C = Inter-level travel time spent in this place.
 D = Time resting spent in this place.
 E = Time spent auto-exploring this place.
 F = Levels seen in this place.
 G = Mean time per level.
                   A        B        C        D        E       F      G
               +--------+--------+--------+--------+--------+-----+--------+
         Total |   2392 |   2353 |     39 |    458 |   1616 |   2 | 1196.0 |
       Dungeon |   2392 |   2353 |     39 |    458 |   1616 |   2 | 1196.0 |
               +--------+--------+--------+--------+--------+-----+--------+

Top non-repeatable levels by time:
     D:2: 1288 daAuts
     D:1: 1103 daAuts
